 Dungeon Crawl Stone Soup version 0.29-a0-542-g075992c915 (webtiles) character file.

Game seed: 5356642897402447675

309 ytrimaz the Changer (level 6, -2/38 HPs)
             Began as an Octopode Transmuter on June 5, 2022.
             Slain by an ice beast (13 damage)
             ... on level 5 of the Dungeon.
             The game lasted 00:05:17 (4573 turns).

ytrimaz the Changer (Octopode Transmuter)           Turns: 4573, Time: 00:05:17

Health: -2/38      AC:  1    Str:  9    XL:     6   Next: 41%
Magic:  10/11      EV: 13    Int: 18    God:
Gold:   95         SH:  0    Dex: 12    Spells: 3/12 levels left

rFire   . . .      SeeInvis +     - Unarmed
rCold   . . .      Faith    .   (no shield)
rNeg    . . .      Spirit   .   (helmet restricted)
rPois   .          Reflect  .   (no amulet)
rElec   .          Harm     .   m - ring of resist corrosion
rCorr   +          Rampage  .   q - ring of see invisible
Will    .....                   (no ring)
Stlth   ++........              (no ring)
HPRegen 0.12/turn               (no ring)
MPRegen 0.12/turn               (no ring)
                                (no ring)
                                (no ring)

@: no status effects
A: almost no armour, amphibious, 8 rings, camouflage 1, gelatinous body 1,
(nimble swimmer 1), tentacles
a: no special abilities


You were on level 5 of the Dungeon.
You visited 1 branch of the dungeon, and saw 5 of its levels.

You collected 155 gold pieces.
You spent 60 gold pieces at shops.

Inventory:

Jewellery
 d - a ring of fire
 m - a ring of resist corrosion (left tentacle)
 q - a ring of see invisible (right tentacle)
Wands
 k - a wand of iceblast (4)
Scrolls
 b - 3 scrolls of brand weapon
 c - 2 scrolls of poison
 e - a scroll of teleportation
 f - 2 scrolls of enchant armour
 g - a scroll of immolation
 p - a scroll of fear
Potions
 a - a potion of lignification
 h - a potion of heal wounds {unknown}
 i - 3 potions of degeneration {unknown}
 j - 3 potions of might
 l - a potion of brilliance {unknown}
 n - 2 potions of curing {unknown}
 o - a potion of attraction {unknown}
 s - a potion of invisibility {unknown}
 u - a potion of cancellation {unknown}


   Skills:
 - Level 1.0 Fighting
 - Level 2.0 Dodging
 - Level 3.2 Unarmed Combat
 + Level 3.6 Spellcasting
 * Level 4.8 Transmutations
 * Level 2.5 Poison Magic


You had 3 spell levels left.
You knew the following spells:

 Your Spells              Type           Power      Damage    Failure   Level
b - Wereblood             Tmut           20%        N/A       3%          2
c - Spider Form           Tmut/Pois      16%        N/A       10%         3
d - Olgreb's Toxic Radia  Pois           12%        N/A       47%         4

Your spell library contained the following spells:

 Spells                   Type           Power      Damage    Failure   Level
 Beastly Appendage        Tmut           40%        N/A       1%          1
 Sting                    Tmut/Pois      64%        1d6       3%          1
 Poisonous Vapours        Pois/Air       14%        N/A       14%         2
 Ice Form                 Ice/Tmut       12%        N/A       50%         4


Dungeon Overview and Level Annotations

Branches:
Dungeon (5/15)
 Temple: D:4-7

Altars:
Fedhas
Wu Jian

Shops:
D:2 (   D:4 ([=*

Annotations:
D:3 exclusion: orc wizard, Terence


Innate Abilities, Weirdness & Mutations

You cannot wear most types of armour.
You are amphibious.
You can wear up to eight rings at the same time.
Your skin changes colour to match your surroundings (Stealth+).
Your rubbery body absorbs attacks. (AC +1, EV +1)
((You are camouflaged when in or above water. (Stealth+)))
You have tentacles for arms and can constrict up to eight enemies at once.


Message History

The ice beast barely misses you.
You hit the ice beast.
The ice beast is moderately wounded.
The ice beast closely misses you.
You barely miss the ice beast.
The ice beast is moderately wounded.
The ice beast closely misses you.
You barely miss the ice beast.
The ice beast is moderately wounded.
The ice beast completely misses you.
You barely miss the ice beast.
The ice beast is heavily wounded.
The ice beast hits you. The ice beast freezes you!
You hit the ice beast.
The ice beast is heavily wounded.
Your transformation is almost over.
The ice beast closely misses you.
You hit the ice beast but do no damage.
The ice beast is heavily wounded.
You barely miss the ice beast.
The ice beast is heavily wounded.
The ice beast misses you.
You barely miss the ice beast.
The ice beast is heavily wounded.
The ice beast hits you. The ice beast freezes you.
You hit the ice beast.
The ice beast is almost dead.
The ice beast closely misses you. The ice beast attacks as you move away!
The ice beast barely misses you. The ice beast attacks as you move away!
The ice beast closely misses you.
An ufetubus comes into view.
The ufetubus shouts!
Your transformation has ended.
The ice beast attacks as you move away! The ice beast closely misses you.
The ufetubus closely misses you. x3; The ufetubus hits you.
There is a stone staircase leading up, spattered with blood here.
The ice beast attacks as you move away! The ice beast hits you.
* * * LOW HITPOINT WARNING * * *
The ice beast freezes you!
You die...

#<... #....####
#.......#
#..<###.#
#.......#
##.......#
.#...###.## #..
.......Y.#.....
.#...#.@5...#
#.......#.##
.............
####.###.#.###
... ...... ###
#.#.### #.#. .#
.


You could see an ice beast (poisoned) and an ufetubus.

Vanquished Creatures
  A phantom (D:4)
  A scorpion (D:4)
  An orc priest (D:3)
  A hound (D:3)
  4 adders
  3 dart slugs
  10 orcs
  5 bats
  3 endoplasms
  5 giant cockroaches
  A goblin (D:3)
  4 hobgoblins
  3 jackals (D:2)
  5 kobolds
  4 quokkas
  7 ball pythons
  3 frilled lizards
  4 rats
65 creatures vanquished.

Vanquished Creatures (others)
  A fungus (D:3)
1 creature vanquished.

Grand Total: 66 creatures vanquished

Notes
Turn   | Place    | Note
-------+----------+-------------------------------------------
     0 | D:1      | ytrimaz the Octopode Transmuter began the quest for the
                  | Orb.
     0 | D:1      | Reached XP level 1. HP: 13/13 MP: 3/3
   328 | D:1      | Reached XP level 2. HP: 15/18 MP: 3/5
   677 | D:1      | Found a faded altar of an unknown god.
   678 | D:1      | You fall into a shaft and drop 1 floor!
   771 | D:2      | Found Zisijy Bonne's Weapon Boutique.
   781 | D:2      | Reached XP level 3. HP: 18/23 MP: 4/6
   789 | D:2      | Learned a level 2 spell: Wereblood
   793 | D:2      | Learned a level 3 spell: Spider Form
  1658 | D:3      | Reached skill level 3 in Transmutations
  1704 | D:3      | Noticed Terence
  1801 | D:3      | Reached skill level 1 in Poison Magic
  1801 | D:3      | Reached XP level 4. HP: 12/28 MP: 8/8
  2377 | D:3      | Found an ornate altar of the Wu Jian Council.
  2382 | D:3      | Reached XP level 5. HP: 26/33 MP: 7/9
  2886 | D:3      | Reached skill level 4 in Transmutations
  2915 | D:3      | Found a blossoming altar of Fedhas.
  3008 | D:3      | Learned a level 4 spell: Olgreb's Toxic Radiance
  3550 | D:4      | Found Ifelux's General Store.
  3574 | D:4      | Bought a potion of might for 40 gold pieces
  3574 | D:4      | Bought a scroll of identify for 20 gold pieces
  3601 | D:4      | Noticed a phantom
  3630 | D:4      | Killed a phantom
  3631 | D:4      | Reached XP level 6. HP: 17/38 MP: 11/11
  4000 | D:4      | Found Bomoyc's Jewellery Emporium.
  4022 | D:4      | Found Arghis's Armour Shop.
  4038 | D:4      | Found Xaepikh's Antique Weapon Emporium.
  4540 | D:5      | Entered Level 5 of the Dungeon
  4542 | D:5      | Noticed an ice beast
  4573 | D:5      | Slain by an ice beast

Illustrated notes

Levels and vault maps discovered:
D:1:      scummos_arrival_simple_crosswalls, layout_rooms,
          ebering_ecumenical_altar_ruins
D:2:      layout_rooms, serial_shops, nicolae_shop_bloodbath_and_beyond
D:3:      layout_basic, mainiacjoe_overflow_chevrons, fedhas_altar_3,
          pf_guarded_unrand_delatra, uniq_terence
D:4:      layout_layer_cave, serial_shops, shop_fountains,
          nicolae_shop_waterfront, shop, nicolae_shop_hallway_plus
D:5:      layout_basic, uniq_eustachio

Skill      XL: |  1  2  3  4  5 |
---------------+----------------+-----
Transmutations | 3 4 |  4.8
Poison Magic   | 1 2 |  2.5
Spellcasting   | 3 |  3.6
Fighting       | |  1.0
Dodging        | |  2.0
Unarmed Combat | |  3.2

Action                   |  1- 3 |  4- 6 || total
-------------------------+-------+-------++-------
Melee: Unarmed           |    78 |   103 ||   181
       Constrict         |    19 |    15 ||    34
       Tentacles         |    18 |    15 ||    33
       Kick              |    16 |     7 ||    23
       Punch             |     3 |     1 ||     4
 Cast: Beastly Appendage |    13 |    10 ||    23
       Spider Form       |     2 |     5 ||     7
       Wereblood         |       |     2 ||     2
  Use: Scroll            |     3 |     8 ||    11
       Potion            |     1 |       ||     1
 Stab: Sleeping          |       |     3 ||     3
Armor: Skin              |    13 |    10 ||    23
Dodge: Dodged            |    72 |    77 ||   149

Table legend: (Time is in decaauts)
 A = Elapsed time spent in this place.
 B = Non-inter-level travel time spent in this place.
 C = Inter-level travel time spent in this place.
 D = Time resting spent in this place.
 E = Time spent auto-exploring this place.
 F = Levels seen in this place.
 G = Mean time per level.
                   A        B        C        D        E       F      G
               +--------+--------+--------+--------+--------+-----+--------+
         Total |   4561 |   4527 |     34 |    429 |   3436 |   5 |  912.2 |
       Dungeon |   4561 |   4527 |     34 |    429 |   3436 |   5 |  912.2 |
               +--------+--------+--------+--------+--------+-----+--------+

Top non-repeatable levels by time:
     D:4: 1525 daAuts
     D:3: 1390 daAuts
     D:1: 975 daAuts
     D:2: 638 daAuts
     D:5: 31 daAuts
